 Dungeon Crawl Stone Soup version 0.20.1-1-g8b1a95d (webtiles) character file.

235 HuneSparrow the Skirmisher (level 5, 0/42 HPs)
             Began as a Demonspawn Fighter on July 31, 2017.
             Slain by an orc warrior
             ... wielding a +0 war axe
              (15 damage)
             ... on level 3 of the Dungeon.
             The game lasted 00:09:35 (3300 turns).

HuneSparrow the Skirmisher (Demonspawn Fighter)     Turns: 3300, Time: 00:09:35

Health: 0/42       AC:  6    Str: 22    XL:     5   Next: 76%
Magic:  5/5        EV:  7    Int:  9    God:
Gold:   174        SH: 11    Dex: 13    Spells: 4/4 levels left

rFire    . . .     SeeInvis .   a - +0 long sword
rCold    . . .     Gourm    .   j - +2 shield
rNeg     . . .     Faith    .   b - +0 scale mail
rPois    .         Spirit   .   (no helmet)
rElec    .         Reflect  .   (no cloak)
rCorr    .         Harm     .   (no gloves)
MR       .....                  (no boots)
Stlth    ..........             (no amulet)
Regen    0.2/turn               (no ring)
MPRegen  0.1/turn               (no ring)

@: mighty
A: talons 1, rot immunity
a: no special abilities


You were on level 3 of the Dungeon.
You were not hungry.

You visited 1 branch of the dungeon, and saw 4 of its levels.

You collected 174 gold pieces.

Inventory:

Hand Weapons
 a - a +0 long sword (weapon)
Armour
 b - a +0 scale mail (worn)
 j - a +2 shield (worn)
Wands
 t - a wand of iceblast (6/15)
Scrolls
 h - 2 scrolls of fear {unknown}
 i - 3 scrolls of remove curse {unknown}
 k - a scroll of fog
 p - 4 scrolls of identify {unknown}
 r - a scroll of enchant weapon {unknown}
 s - a scroll of teleportation {unknown}
 v - a scroll of random uselessness {unknown}
 y - a scroll of enchant armour {unknown}
Potions
 c - a potion of brilliance {unknown}
 e - a potion of heal wounds
 l - 2 potions of lignification {unknown}
 m - a potion of haste {unknown}
 o - a potion of flight {unknown}
 u - a potion of agility {unknown}
 w - a potion of degeneration {unknown}
Comestibles
 f - 4 bread rations
 g - a royal jelly
 n - a fruit
 q - 2 meat rations


   Skills:
 + Level 3.9 Fighting
 * Level 3.5 Long Blades
 + Level 3.6 Armour
 + Level 3.6 Shields


You had 4 spell levels left.
You didn't know any spells.

Dungeon Overview and Level Annotations

Branches:
Dungeon (4/15)
 Temple: D:4-7

Altars:
Ashenzari
Cheibriados


Innate Abilities, Weirdness & Mutations

You have sharp toenails.
You are immune to rotting.


Message History

You see here a whip.
You see here a ring mail.
You feel very mighty all of a sudden.
You hit the orc warrior. Your kick misses the orc warrior.
The orc warrior is lightly wounded.
You block the orc warrior's attack.
The orc warrior hits you with a war axe!
You hit the orc warrior. You claw the orc warrior.
The orc warrior is moderately wounded.
The orc warrior hits you with a war axe!
You closely miss the orc warrior. You claw the orc warrior.
The orc warrior is moderately wounded.
You block the orc warrior's attack.
You closely miss the orc warrior. You claw the orc warrior!
The orc warrior is severely wounded.
You block the orc warrior's attack.
You slash the orc warrior! Your kick misses the orc warrior.
The orc warrior is almost dead.
The orc warrior hits you with a war axe!
You die...

#.#...................
#.#.######.#..#######.
#.....##.#............
##########.#............
#######.............#.########
###.............................
#...............................
#...............####.####.######
#.............o@####......<.....
#...............#...............
#...............#...............
#......>)......#####..<.........
###'###...######...##....(......
#.# #...# ##8.<.8##..........
#.# #...# #.......#..........
#.###...####.>.8.>.#....(.....
#...'...'..#.......#..........


You could see an orc warrior.

Vanquished Creatures
  An orc wizard (D:4)
  Ijyb (D:3)
  8 gnolls
  2 adders
  3 dart slugs
  3 leopard geckos
  3 orcs (D:4)
  2 ball pythons (D:2)
  5 bats
  3 giant cockroaches
  6 goblins (D:2)
  10 hobgoblins
  8 kobolds
  4 quokkas
  6 frilled lizards
  2 jackal skeletons (D:4)
  A quokka skeleton (D:4)
  14 rats
82 creatures vanquished.

Notes
Turn   | Place    | Note
-------+----------+-------------------------------------------
     0 | D:1      | HuneSparrow the Demonspawn Fighter began the quest for the Orb.
     0 | D:1      | Reached XP level 1. HP: 18/18 MP: 1/1
   103 | D:1      | Gained mutation: You have sharp toenails. [demonic ancestry]
   103 | D:1      | Reached XP level 2. HP: 21/24 MP: 2/2
   870 | D:2      | Gained mutation: You are immune to rotting. [demonic ancestry]
   870 | D:2      | Reached XP level 3. HP: 24/29 MP: 3/3
  1613 | D:3      | Reached XP level 4. HP: 35/35 MP: 4/4
  1972 | D:3      | Noticed Ijyb
  1981 | D:3      | Killed Ijyb
  2003 | D:3      | Reached XP level 5. HP: 40/42 MP: 5/5
  2438 | D:3      | Found a shattered altar of Ashenzari.
  2443 | D:3      | Found a snail-covered altar of Cheibriados.
  2729 | D:4      | Noticed an orc warrior
  3300 | D:3      | Slain by an orc warrior

Skill      XL: |  1  2  3  4 |
---------------+-------------+-----
Long Blades    | 2 3 |  3.5
Shields        | 3 |  3.6
Armour         | 3 |  3.6
Fighting       | |  3.9

Action                   |  1- 3 |  4- 6 || total
-------------------------+-------+-------++-------
Melee: Long sword        |   120 |   118 ||   238
       Kick              |    23 |    34 ||    57
Evoke: Wand              |       |     1 ||     1
  Use: Potion            |       |     3 ||     3
       Scroll            |       |     1 ||     1
  Eat: Chunk             |     2 |     4 ||     6
       Bread ration      |       |     1 ||     1
Armor: Scale mail        |    51 |    31 ||    82
Dodge: Dodged            |    27 |    30 ||    57
Block: Shield            |    64 |    80 ||   144
       Rpst.: Long sword |     4 |     9 ||    13
